 Dungeon Crawl Stone Soup version 0.30-a0-586-g23e55c9e0a (webtiles) character file.

Game seed: 348044917113379197

3 drugrobin the Sneak (level 1, 0/18 HPs)
             Began as a Demigod Delver on Jan 3, 2023.
             Succumbed to an adder's poison
             ... on level 3 of the Dungeon.
             The game lasted 00:03:05 (392 turns).

drugrobin the Sneak (Demigod Delver)                 Turns: 392, Time: 00:03:06

Health: 0/18       AC:  3    Str: 13    XL:     1   Next: 33%
Magic:  3/3        EV: 11    Int: 12    God:
Gold:   79         SH:  3    Dex: 15    Spells: 0/0 levels left

rFire   . . .      SeeInvis .      - Unarmed
rCold   . . .      Faith    .    h - +0 buckler
rNeg    . . .      Spirit   .    a - +0 leather armour
rPois   .          Reflect  .    (no helmet)
rElec   .          Harm     .    (no cloak)
rCorr   .          Rampage  .    (no gloves)
Will    .....                    (no boots)
Stlth   +++                      (no amulet)
HPRegen 0.23/turn                (no ring)
MPRegen 0.08/turn                (no ring)

@: lethally poisoned (0 -> -5)
A: high MP 1, forlorn, divine attributes
a: no special abilities


You were on level 3 of the Dungeon.
You visited 1 branch of the dungeon, and saw 3 of its levels.

You collected 79 gold pieces.

Inventory:

Hand Weapons
 g - a +0 quarterstaff
Armour
 a - a +0 leather armour (worn)
 h - a +0 buckler (worn)
Wands
 f - a wand of digging (3)
Scrolls
 b - a scroll of fog
 c - a scroll of magic mapping
 i - a scroll of noise {unknown}
Potions
 e - a potion of haste


   Skills:
 - Level 2.6 Fighting
 - Level 1.7 Dodging
 - Level 4.5 Stealth
 + Level 2.1 Unarmed Combat


You couldn't memorise any spells.
You didn't know any spells.
Your spell library contained the following spells:

 Spells                   Type           Power      Damage    Failure   Level
 Cause Fear               Hex            0%         N/A       99%         4
 Dragon Form              Tmut           0%         N/A       100%        7
 Dragon's Call            Summ           0%         N/A       100%        9


Dungeon Overview and Level Annotations

Branches:
Dungeon (5/15)             Temple (0/1) D:5

Annotations:
D:5 2 transporters, exclusions: hound, howler monkey and ice beast, cforsyth's ghost, novice DrCj


Innate Abilities, Weirdness & Mutations

You have an increased reservoir of magic. (+10% MP)
You shall have no god before yourself.
Your divine heritage dramatically boosts your attributes as you level up.


Message History

The adder bites you.
You miss the adder.
The adder is heavily wounded.
You block the adder's attack.
You hit the adder.
The adder is severely wounded.
The adder bites you. The adder barely misses you.
You closely miss the adder.
The adder is severely wounded.
The adder bites you but does no damage.
You completely miss the adder.
The adder is severely wounded.
The adder bites you.
* * * LOW HITPOINT WARNING * * *
Unknown command.
Unknown command.
You closely miss the adder.
The adder is severely wounded.
The adder closely misses you.
Unknown command.
Unknown command.
You barely miss the adder.
The adder is severely wounded.
The adder closely misses you. The adder bites you but does no damage.
Unknown command.
Unknown command.
You hit the adder but do no damage.
The adder is severely wounded.
The adder bites you.
* * * LOW HITPOINT WARNING * * *
You are lethally poisoned!
The adder poisons you!
Unknown command.
Unknown command.
Unknown command.
Okay, then.
Okay, then.
As you read the scroll of fear, it crumbles to dust.
You assume a fearsome visage.
The adder looks frightened!
You die...

#.# #.# #.#
#.# #.##.#
#.##.###
#.##...##
#@#.!...# ###
#S#.....# ....
#.#.....#...##
#.##...#.....#
#.....>.......
#####.##.....#
#.# ..... #.#
.##. #.# ..


You could see an adder (fleeing).

Vanquished Creatures
  An orc (D:5)
  An endoplasm (D:4)
2 creatures vanquished.

Notes
Turn   | Place    | Note
-------+----------+-------------------------------------------
     0 | D:5      | drugrobin the Demigod Delver began the quest for the Orb.
     0 | D:5      | Reached XP level 1. HP: 18/18 MP: 3/3
    10 | D:5      | Found a transporter.
    15 | D:5      | Noticed a scorpion
    38 | D:5      | Noticed a hound
    83 | D:5      | Noticed a howler monkey
   137 | D:5      | Noticed an ice beast
   183 | D:5      | Noticed cforsyth's ghost (novice DrCj)
   210 | D:5      | Found a staircase to the Ecumenical Temple.
   219 | D:5      | Found a transporter.
   392 | D:3      | Succumbed to an adder's poison

Illustrated notes

Levels and vault maps discovered:
D:3:      layout_loops_ring, minmay_misc_feat_iff, kennysheep_donut
D:4:      layout_loops_corners, nicolae_wu_jian_wuxing_cycle,
          mainiacjoe_overflow_tiny_flanked, nicolae_overflow_crystal_walls
D:5:      layout_loops_ring, mainiacjoe_overflow_catwalk, amcnicky_altar_gilded,
          grunt_temple_overflow_diamond, minmay_temple_entry_from_below_a,
          gammafunk_ghost_mausoleum, grunt_ministairs_15,
          minmay_misc_feat_more_columns, dk_noncrumbling_4,
          hangedman_abyss_or_decor_lesser_grid, glass_columns_b,
          ebering_dispersal_statue_hall

Skill      XL: |  1 |
---------------+----+-----
Unarmed Combat | 2 |  2.1
Fighting       | |  2.6
Dodging        | |  1.7
Stealth        | |  4.5

Action                   || total
-------------------------++-------
Melee: Unarmed           ||    30
  Use: Scroll            ||     1
 Stab: Sleeping          ||     2
Armor: Leather armour    ||     6
Dodge: Dodged            ||    16
Block: Buckler           ||     5

Table legend: (Time is in decaauts)
 A = Elapsed time spent in this place.
 B = Non-inter-level travel time spent in this place.
 C = Inter-level travel time spent in this place.
 D = Time resting spent in this place.
 E = Time spent auto-exploring this place.
 F = Levels seen in this place.
 G = Mean time per level.
                   A        B        C        D        E       F      G
               +--------+--------+--------+--------+--------+-----+--------+
         Total |    391 |    366 |     25 |     21 |    123 |   3 |  130.3 |
       Dungeon |    391 |    366 |     25 |     21 |    123 |   3 |  130.3 |
               +--------+--------+--------+--------+--------+-----+--------+

Top non-repeatable levels by time:
     D:5: 290 daAuts
     D:4: 67 daAuts
     D:3: 34 daAuts
